 Dungeon Crawl Stone Soup version 0.28.0-53-g5a82cb258f (webtiles) character file.

Game seed: 13213383135801951168

1076 rlgrobin the Grave Robber (level 8, 0/37 HPs)
             Began as a Vine Stalker Necromancer on Aug 23, 2022.
             Was a Believer of Sif Muna.
             Slain by a killer bee (2 damage)
             ... on level 7 of the Dungeon.
             The game lasted 00:24:21 (5220 turns).

rlgrobin the Grave Robber (VSNe)                    Turns: 5220, Time: 00:24:22

Health: 0/37       AC:  2    Str: 11    XL:     8   Next: 29%
Magic:  0/19       EV: 12    Int: 17    God:    Sif Muna [**....]
Gold:   106        SH:  0    Dex: 15    Spells: 11/20 levels left

rFire   . . .      SeeInvis .   (no weapon)
rCold   . . .      Faith    +   (no shield)
rNeg    . . .      Spirit   +   a - +0 robe
rPois   .          Reflect  .   (no helmet)
rElec   .          Harm     .   (no cloak)
rCorr   .          Rampage  .   (no gloves)
Will    +....                   (no boots)
Stlth   ++........              s - amulet of faith
HPRegen 0.92/turn               (no ring)
MPRegen 0.16/turn               (no ring)

@: lethally poisoned (0 -> -1)
A: fangs 3, regeneration 1, magic shield, antimagic bite, no potion heal 2
a: Renounce Religion, Channel Magic


You were on level 7 of the Dungeon.
You worshipped Sif Muna.
Sif Muna was pleased with you.
You visited 1 branch of the dungeon, and saw 7 of its levels.

You collected 106 gold pieces.

Inventory:

Missiles
 o - a throwing net
Armour
 a - a +0 robe (worn)
Jewellery
 i - a ring of willpower
 p - a +4 ring of evasion
 s - an amulet of faith (around neck)
 u - a ring of protection from fire
Wands
 n - a wand of flame (16)
 x - a wand of iceblast (9)
Scrolls
 b - 2 scrolls of teleportation {unknown}
 c - a scroll of amnesia {unknown}
 g - 4 scrolls of identify {unknown}
 h - a scroll of acquirement {unknown}
 j - 2 scrolls of magic mapping {unknown}
 l - 2 scrolls of blinking {unknown}
 q - a scroll of fog {unknown}
Potions
 d - a potion of invisibility {unknown}
 e - 3 potions of flight {unknown}
 f - a potion of mutation {unknown}
 k - a potion of degeneration {unknown}
 m - 2 potions of might {unknown}
 r - a potion of curing {unknown}
 t - a potion of magic {unknown}
 v - a potion of attraction {unknown}
 w - a potion of haste {unknown}
 z - a potion of ambrosia {unknown}


   Skills:
 + Level 0.6 Fighting
 + Level 2.1 Dodging
 + Level 2.8 Stealth
 + Level 0.8 Unarmed Combat
 * Level 6.9 Spellcasting
 * Level 7.4 Necromancy


You had 11 spell levels left.
You knew the following spells:

 Your Spells              Type           Power      Damage    Failure   Level
a - Pain                  Necr           100%       1d9       1%          1
b - Animate Skeleton      Necr           62%        N/A       1%          1
c - Vampiric Draining     Necr           31%        2d8       1%          3
d - Animate Dead          Necr           15%        N/A       5%          4

Your spell library contained the following spells:

 Spells                   Type           Power      Damage    Failure   Level
 Agony                    Necr           31%        N/A       16%         5
 Confusing Touch          Hex            5%         N/A       34%         3
 Yara's Violent Unravell  Hex/Tmut       2%         3d3       97%         5
 Enfeeble                 Hex            2%         N/A       100%        7


Dungeon Overview and Level Annotations

Branches:
Dungeon (7/15)
 Temple: D:4-7

Altars:
Elyvilon
Sif Muna
Xom

Shops:
D:1 [   D:6 *


Innate Abilities, Weirdness & Mutations

You have razor-sharp teeth.
Your natural rate of healing is unusually fast.
When hurt, damage is shared between your health and your magic reserves.
Your bite disrupts and absorbs the magic of your enemies.
Potions cannot restore your health.


Message History

Aim: a killer bee (moderately wounded, chance to affect: 88%)
The killer bee writhes in agony.
You feel very sick. The killer bee misses you.
The killer bee closely misses you. The killer bee stings you. x2
Aiming: Pain (safe; 1% risk of failure)
Press: ? - help, Q - select action, (/) - cycle Shift-Dir - straight line, f/p - killer bee
Aim: a killer bee (heavily wounded, chance to affect: 88%)
The killer bee writhes in agony!
You kill the killer bee!
Sif Muna accepts your kill.
You feel very sick. The killer bee stings you.
The killer bee closely misses you.
Aiming: Pain (safe; 1% risk of failure)
Press: ? - help, Q - select action, (/) - cycle Shift-Dir - straight line, f - killer bee
Aim: a killer bee (chance to affect: 88%)
The killer bee writhes in agony!
You feel sick.
The killer bee stings you but does no damage.
The killer bee stings you.
* * * LOW HITPOINT WARNING * * *
You are more poisoned.
The killer bee poisons you!
Aiming: Pain (safe; 1% risk of failure)
Press: ? - help, Q - select action, (/) - cycle Shift-Dir - straight line, f/p - killer bee
Aim: a killer bee (heavily wounded, chance to affect: 88%)
The killer bee barely resists.
* * * LOW HITPOINT WARNING * * *
You feel very sick. The killer bee barely misses you.
A steam dragon comes into view.
The killer bee closely misses you.
You feel sick. The killer bee stings you.
* * * LOW HITPOINT WARNING * * *
* * * LOW HITPOINT WARNING * * *
You feel sick. The killer bee stings you.
* * * LOW HITPOINT WARNING * * *
* * * LOW HITPOINT WARNING * * *
You feel sick. The killer bee stings you.
You die...

.. #.###. ..#
#.#.. ##
...####...# ..#
....#.#...##.^##
..........#....##
.................
.................
.......<.........
.......@.........
#......y........#
...#####.........
.# #........#
#.[.....###
#....†......#
#..).........
#.........##.
..=........#


You could see a killer bee.

Vanquished Creatures
  Sigmund (D:6)
  An orc warrior (D:6)
  3 sky beasts
  2 ice beasts
  A centaur (D:6)
  A scorpion (D:3)
  2 killer bees (D:7)
  A bullfrog skeleton (D:6)
  An orc wizard (D:6)
  3 gnolls
  2 adders (D:4)
  4 orcs
  5 ball pythons
  5 endoplasms
  3 giant cockroaches
  3 goblins
  3 hobgoblins
  3 jackals (D:1)
  4 quokkas
  6 bats
  3 frilled lizards
  6 kobolds
  A quokka skeleton (D:4)
  2 rats
66 creatures vanquished.

Vanquished Creatures (others)
  A plant (D:1)
1 creature vanquished.

Grand Total: 67 creatures vanquished

Notes
Turn   | Place    | Note
-------+----------+-------------------------------------------
     0 | D:1      | rlgrobin the Vine Stalker Necromancer began the quest for
                  | the Orb.
     0 | D:1      | Reached XP level 1. HP: 9/9 MP: 4/4
   491 | D:1      | Reached XP level 2. HP: 6/13 MP: 0/6
   931 | D:1      | Found Miotwenn's Antique Armour Emporium.
   946 | D:1      | Reached XP level 3. HP: 9/16 MP: 2/7
  1262 | D:1      | Found a faded altar of an unknown god.
  1707 | D:1      | Prayed at the altar of an unknown god.
  1707 | D:1      | Became a worshipper of Sif Muna the Loreminder
  1707 | D:1      | Reached * piety under Sif Muna
  2114 | D:2      | Found a shimmering altar of Xom.
  2570 | D:3      | Noticed a scorpion
  2580 | D:3      | Killed a scorpion
  2581 | D:3      | Reached skill level 5 in Necromancy
  2581 | D:3      | Gained mutation: Your natural rate of healing is unusually
                  | fast. [Vine Stalker growth]
  2581 | D:3      | Reached XP level 4. HP: 14/21 MP: 3/10
  2711 | D:3      | Noticed a sky beast
  2739 | D:3      | Killed a sky beast
  2740 | D:3      | Reached XP level 5. HP: 23/24 MP: 3/12
  2839 | D:3      | Found a white marble altar of Elyvilon.
  3174 | D:4      | Reached XP level 6. HP: 28/28 MP: 10/13
  3182 | D:4      | Reached ** piety under Sif Muna
  3193 | D:4      | Learned a level 1 spell: Animate Skeleton
  3197 | D:4      | Learned a level 3 spell: Vampiric Draining
  3223 | D:5      | Entered Level 5 of the Dungeon
  3223 | D:5      | Noticed an ice beast
  3295 | D:4      | Killed an ice beast
  3446 | D:4      | Reached skill level 6 in Necromancy
  3657 | D:5      | Noticed a sky beast
  3663 | D:5      | Killed a sky beast
  3664 | D:5      | Reached skill level 5 in Spellcasting
  3974 | D:6      | Reached XP level 7. HP: 26/32 MP: 12/16
  4109 | D:6      | Found Yxkangoh's Assorted Antiques.
  4121 | D:6      | Noticed Sigmund
  4135 | D:6      | Killed Sigmund
  4405 | D:6      | Learned a level 4 spell: Animate Dead
  4463 | D:6      | Reached skill level 7 in Necromancy
  4463 | D:6      | Gained mutation: You have razor-sharp teeth. [Vine Stalker
                  | growth]
  4463 | D:6      | Reached XP level 8. HP: 26/37 MP: 5/18
  5220 | D:7      | Slain by a killer bee

Illustrated notes

Levels and vault maps discovered:
D:1:      minmay_arrival_three_doors, layout_loops_ring, serial_shops,
          nicolae_shop_overgrown_old_shop, nicolae_ecumenical_lake_church
D:2:      layout_basic, basic_altar, chequers_serial_rivers_marsh,
          minmay_fountain_box
D:3:      layout_basic, lemuel_crystal_altar
D:4:      layout_basic, lemuel_round_altar
D:5:      layout_gridville, minmay_tree_intersection, serial_bayou_crossing
D:6:      layout_layer_cave, serial_shops, shop, st_stairs_13, uniq_sigmund
D:7:      layout_cave_pools, nicolae_dithmenos_through_a_glass_darkly,
          lemuel_temple_firewalk_a, enter_bailey_2

Skill      XL: |  1  2  3  4  5  6  7  8 |
---------------+-------------------------+-----
Spellcasting   | 3 4 5 6 |  6.9
Necromancy     | 5 6 7 |  7.4
Dodging        | 2 |  2.1
Fighting       | |  0.6
Stealth        | |  2.8
Unarmed Combat | |  0.8

Action                   |  1- 3 |  4- 6 |  7- 9 || total
-------------------------+-------+-------+-------++-------
Melee: Unarmed           |       |    20 |       ||    20
       Bite              |       |    11 |       ||    11
 Cast: Pain              |    68 |    56 |    42 ||   166
       Animate Skeleton  |       |     2 |     2 ||     4
Armor: Robe              |     3 |     5 |     2 ||    10
Dodge: Dodged            |    11 |    32 |    12 ||    55
